 Dungeon Crawl Stone Soup version 0.22-a0-99-g1ac4c55 (webtiles) character file.

102193 4thArraOfDagon the Executioner (level 15, 0/138 HPs)
             Began as a Deep Dwarf Conjurer on Jan 25, 2018.
             Was the Champion of Makhleb.
             Splashed by a deep elf sorcerer's acid (13 damage)
             ... on level 1 of the Elven Halls on Jan 26, 2018.
             The game lasted 01:44:15 (15864 turns).

4thArraOfDagon the Executioner (DDCj)              Turns: 15864, Time: 01:44:15

Health: 0/138      AC: 10    Str: 13    XL:     15   Next: 85%
Magic:  17/17      EV: 12    Int: 23    God:    Makhleb [******]
Gold:   1005       SH:  0    Dex: 13    Spells: 4/18 levels left

rFire    + . .     SeeInvis .   e - +5 executioner's axe (chop)
rCold    + . .     Gourm    .   (shield currently unavailable)
rNeg     + . .     Faith    .   n - +5 plate armour {rF+}
rPois    +         Spirit   .   v - +1 helmet
rElec    +         Reflect  .   Y - +1 cloak of Starlight {rElec rC+ EV+4 Stlth--}
rCorr    .         Harm     .   N - +1 pair of gloves
MR       +++..                  D - +2 pair of boots
Stlth    ..........             k - amulet of rage
HPRegen  0.00/turn              M - ring of protection from magic
MPRegen  0.15/turn              u - +2 ring of evasion

@: corroded, non-regenerating
A: damage resistance, heal wounds, hooves 1, thin metallic scales 1, negative
energy resistance 1, sense surroundings 2, poison resistance, strong 1, no
regeneration
a: Heal Wounds, Minor Destruction, Lesser Servant of Makhleb, Major Destruction,
Greater Servant of Makhleb, Renounce Religion, Evoke Berserk Rage


You were on level 1 of the Elven Halls.
You worshipped Makhleb.
Makhleb was exalted by your worship.
You were hungry.

You visited 5 branches of the dungeon, and saw 25 of its levels.
You also visited: Ice Cave and Volcano.

You collected 2858 gold pieces.
You spent 1853 gold pieces at shops.

Inventory:

Hand Weapons
 e - a +5 executioner's axe of chopping (weapon)
 z - a +2 battleaxe of flaming
 A - a +3 battleaxe of freezing
 R - the +0 hunting sling "Zostreoq" {velocity, +Blink rF+ SInv}
   (You found it on level 11 of the Dungeon)

   Any stone fired from it inflicts extra damage.
   It protects you from fire.
   It lets you see invisible.
   It lets you blink.
Missiles
 g - 3 tomahawks of dispersal (quivered)
Armour
 n - a +5 plate armour of fire resistance (worn)
 v - a +1 helmet (worn)
 w - a +2 chain mail of fire resistance
 B - a +0 chain mail of cold resistance
 D - a +2 pair of boots (worn)
 L - a +1 pair of gloves
 N - a +1 pair of gloves (worn)
 P - a +0 pair of gloves
 Y - the +1 cloak of Starlight (worn) {rElec rC+ EV+4 Stlth--}
   (You bought it in a shop on level 2 of the Orcish Mines)

   It affects your evasion (+4).
   It protects you from cold.
   It insulates you from electricity.
   It makes you much less stealthy.
Magical Staves
 Q - an uncursed staff of energy {!a}
Jewellery
 a - an uncursed ring of protection from cold
 k - an amulet of rage (around neck)
 r - an uncursed amulet of magic regeneration
 u - a +2 ring of evasion (right hand)
 M - a ring of protection from magic (left hand)
 U - an uncursed ring of protection from cold
Wands
 G - a wand of polymorph (11)
 H - a wand of paralysis (15)
Scrolls
 f - 4 scrolls of enchant armour
 l - 12 scrolls of remove curse
 p - 5 scrolls of immolation {unknown}
 q - 9 scrolls of teleportation
 y - 2 scrolls of silence {unknown}
 C - 5 scrolls of amnesia {unknown}
 E - 2 scrolls of noise
 J - a scroll of random uselessness
 K - a scroll of fog
 O - 6 scrolls of blinking
 T - 3 scrolls of identify
 V - 5 scrolls of magic mapping
 Z - 2 scrolls of vulnerability
Potions
 d - a potion of mutation
 h - 5 potions of haste
 j - 3 potions of resistance
 m - 2 potions of lignification
 o - 6 potions of curing
 s - 5 potions of magic
 t - 5 potions of might
 x - 3 potions of cancellation
 F - 2 potions of brilliance
 I - 3 potions of agility
 S - 2 potions of flight
Books
 b - a book of Conjurations

   Spells                             Type                      Level
   a - Magic Dart                     Conjuration                  1
   b - Searing Ray                    Conjuration                  2
   c - Dazzling Spray                 Conjuration/Hexes            3
   d - Fulminant Prism                Conjuration/Hexes            4
   e - Force Lance                    Conjuration/Translocation    4
   f - Iskenderun's Mystic Blast      Conjuration                  4
Comestibles
 c - 36 rations


   Skills:
 - Level 10.0 Fighting
 * Level 23.5 Axes
 - Level 7.0 Armour
 - Level 7.0 Dodging
 - Level 2.4 Stealth
 - Level 2.0 Spellcasting
 - Level 4.0 Conjurations
 - Level 8.4 Invocations
 - Level 2.0 Evocations


You had 4 spell levels left.
You knew the following spells:

 Your Spells              Type           Power        Failure   Level  Hunger
a - Magic Dart            Conj           ###.         90%         1    #......
b - Dazzling Spray        Conj/Hex       ##....       100%        3    ###....
c - Blink                 Tloc           N/A          100%        2    ##.....
d - Sandblast             Erth           #.....       100%        1    #......
e - Lee's Rapid Deconstr  Erth           #.........   100%        5    ######.
f - Passwall              Tmut/Erth      #.........   100%        2    ##.....


Dungeon Overview and Level Annotations

Branches:
Dungeon (15/15)            Temple (1/1) D:7            Lair (6/6) D:9
 Shoals (0/4) Lair:3        Slime (0/5) Lair:5          Orc (2/2) D:9
    Elf (1/3) Orc:2        Vaults (0/5) D:14
  Snake: Lair:2-4    Spider: Lair:2-4    Depths: D:15

Altars:
Ashenzari
Cheibriados
Dithmenos
Elyvilon
Fedhas
Hepliaklqana
Kikubaaqudgha
Makhleb
Nemelex Xobeh
Okawaru
Qazlal
Ru
Sif Muna
Trog
Uskayaw
Vehumet
Wu Jian
Xom
Yredelemnul
Zin
The Shining One
Beogh

Shops:
D:9 (   Orc:1 }   Orc:2 [?(**

Annotations:
D:1 exclusion: dart slug
D:4 exclusions: door and 1 more exclusion
D:8 Joseph
D:13 Azrael


Innate Abilities, Weirdness & Mutations

You are resistant to damage.
You can heal yourself by infusing magical energy.
You resist negative energy. (rN+)
You passively map the area around you.
You do not regenerate.
You have large cloven feet.
You are partially covered in thin metallic scales. (AC +2)
Your system is resistant to poisons. (rPois)
Your muscles are strong. (Str +2)


Message History

The deep elf mage hits you but does no damage.
Unknown command.
Unknown command.
You hit the deep elf sorcerer but do no damage.
The deep elf sorcerer is severely wounded.
You barely miss the deep elf mage.
The deep elf sorcerer hits you with a long sword.
* * * LOW HITPOINT WARNING * * *
Unknown command.
Unknown command.
Unknown command.
You barely miss the deep elf sorcerer.
The deep elf sorcerer is severely wounded.
You slash the deep elf mage!
The deep elf mage hits you but does no damage.
The deep elf sorcerer casts a spell at you.
The bolt of acid hits you!
* * * LOW HITPOINT WARNING * * *
The acid corrodes you!
You are splashed with acid!
The acid burns!
You die...

##..#.......#..## *
, , * *
##..#..#..#...# ,
##..#...#..#.#
#####..#.#..##.# ,
*,.........#..###.#
,, ######......# #.
,,,
###.#'##########**
####'#.#.....#
##.@#)..e.# , **
#..ee#, ,,', ,
#....# ,* ,,,
#.....#, , ,
#.....# , * ,
#...... , ,
##.....# , *
##..... * , ####+..
,


You could see a deep elf sorcerer and a deep elf mage.

Vanquished Creatures
  Rupert (Lair:6)
  An orc warlord (Orc:1)
  A frost giant (IceCv)
  A stone giant (Volcano)
  A fire dragon (Lair:6)
  Fannar (Orc:1)
  An ogre mage (D:15)
  Josephine (Orc:1)
  3 vault guards (D:14)
  3 hydras
  3 centaur warriors
  A catoblepas (Lair:6)
  A death knight (D:14)
  5 two-headed ogres
  2 death yaks
  A tengu warrior (D:14)
  2 deep elf knights (Elf:1)
  4 orc high priests
  Urug (D:13)
  A skeletal warrior (D:14)
  2 unseen horrors
  2 wizards
  3 deep elf archers (Elf:1)
  A lindwurm (Lair:6)
  Pikel (D:4)
  4 necromancers (D:14)
  9 deep elf magi
  8 orc sorcerers
  3 manticores
  5 orc knights
  A cyclops (D:14)
  An ugly thing (D:13)
  A merfolk siren (Lair:3)
  6 elephants
  4 black mambas
  2 molten gargoyles (Lair:6)
  2 gargoyles
  A frost giant zombie (D:15)
  An ice statue (IceCv)
  Psyche (D:8)
  5 spiny frogs
  A yaktaur (D:15)
  A yaktaur (shapeshifter) (D:15)
  2 rime drakes
  An efreet (Volcano)
  3 freezing wraiths
  11 komodo dragons
  A redback zombie (D:15)
  3 merfolk (Lair:3)
  5 trolls
  2 hornets
  14 polar bears (IceCv)
  5 blink frogs (Lair:5)
  9 slime creatures
  4 hippogriffs
  Sigmund (D:4)
  7 wyverns
  2 shadows
  4 wraiths
  61 yaks
  An air elemental (Elf:1)
  5 basilisks
  A water elemental (Elf:1)
  16 humans (D:14)
  5 fire elementals
  Grum (D:8)
  2 steam dragons
  2 fire bats (Lair:6)
  11 vampire mosquitoes
  A soldier ant (D:13)
  3 wargs (Orc:1)
  An acid dragon (D:12)
  9 water moccasins
  8 hell hounds
  A porcupine (Lair:4)
  3 ice beasts
  A black bear (D:8)
  34 orc warriors
  9 sky beasts
  An eye of draining (D:14)
  16 ogres
  4 phantoms
  3 necrophages
  16 wolves
  A boggart (Elf:1)
  13 crocodiles
  9 centaurs
  A big kobold (D:12)
  11 bullfrogs
  5 scorpions (D:6)
  8 killer bees
  5 wights
  3 howler monkeys
  12 crimson imps
  2 bullfrog zombies
  2 centaur zombies
  7 hounds
  6 lava snakes (Lair:6)
  A bullfrog skeleton (D:11)
  6 centaur skeletons
  A quasit (D:10)
  17 orc priests
  5 jellies
  26 orc wizards
  Ijyb (D:5)
  2 iguanas
  7 worker ants
  A hound skeleton (D:10)
  Robin (D:4)
  12 gnolls
  11 adders
  5 shadow imps
  3 oozes
  An adder zombie (D:5)
  An adder skeleton (D:5)
  3 worms (D:3)
  A dart slug (D:1)
  2 leopard geckos
  84 orcs
  10 giant cockroaches
  17 goblins
  11 hobgoblins
  6 jackals
  5 quokkas
  A ball python (D:7)
  11 bats
  5 frilled lizards
  4 kobolds
  3 leopard gecko skeletons
  6 rats
  2 fungi
  2 plants (Lair:6)
748 creatures vanquished.

Vanquished Creatures (collateral kills)
  Snorg (Lair:5)
  Erolcha (D:11)
  2 hydras (D:14)
  2 two-headed ogres
  An orc high priest (Orc:2)
  An orc knight (Orc:1)
  A deep elf mage (D:15)
  2 manticores (D:13)
  3 oklob plants (Lair:6)
  2 orc sorcerers
  A wolf spider zombie (D:15)
  A gargoyle (D:13)
  A centaur skeleton (D:15)
  2 kobold demonologists (D:12)
  A troll (D:11)
  A blink frog (Lair:6)
  A slime creature (D:15)
  A human (D:14)
  A wyvern (D:15)
  An acid dragon (D:13)
  A water moccasin (Lair:6)
  3 orc warriors
  A phantom (D:11)
  An ogre (D:12)
  A crocodile (D:9)
  A big kobold (D:12)
  A bullfrog (D:9)
  A crimson imp (D:15)
  3 orcs
40 creatures vanquished.

Vanquished Creatures (others)
  A polar bear (IceCv)
  A wraith (Orc:1)
  An ogre (Orc:1)
  2 slaves
  3 wolves (IceCv)
  A crimson imp (D:6)
  An orc priest (D:6)
  3 orcs
  14 fungi (D:6)
  A plant (Lair:6)
  11 withered plants (D:15)
39 creatures vanquished.

Grand Total: 827 creatures vanquished

Notes
Turn   | Place    | Note
-------+----------+-------------------------------------------
     0 | D:1      | 4thArraOfDagon the Deep Dwarf Conjurer began the quest for the Orb.
     0 | D:1      | Reached XP level 1. HP: 15/15 MP: 3/3
   261 | D:2      | Found a hide-covered altar of Uskayaw.
   310 | D:2      | Reached XP level 2. HP: 20/22 MP: 1/5
   493 | D:4      | Reached skill level 1 in Evocations
   578 | D:5      | Entered Level 5 of the Dungeon
   623 | D:4      | Found a deep blue altar of Sif Muna.
   684 | D:4      | Noticed Sigmund
   705 | D:4      | Killed Sigmund
   705 | D:4      | Reached XP level 3. HP: 36/36 MP: 6/6
   705 | D:4      | Reached XP level 4. HP: 44/44 MP: 7/7
   705 | D:4      | Reached XP level 5. HP: 50/50 MP: 8/8
   718 | D:4      | Noticed a phantom
   843 | D:4      | Learned a level 3 spell: Dazzling Spray
   892 | D:2      | Found a sacrificial altar of Ru.
  1119 | D:4      | Noticed Robin
  1133 | D:4      | Killed Robin
  1253 | D:4      | Gained mutation: You have large cloven feet. [potion of mutation]
  1253 | D:4      | Gained mutation: You are partially covered in thin metallic scales. (AC +2) [potion of mutation]
  1253 | D:4      | Gained mutation: Your system is resistant to poisons. (rPois) [potion of mutation]
  1253 | D:4      | Gained mutation: Your muscles are strong. (Str +2) [potion of mutation]
  1362 | D:6      | Reached skill level 5 in Fighting
  1362 | D:6      | Reached XP level 6. HP: 54/61 MP: 7/9
  1490 | D:6      | Noticed Pikel
  1490 | D:6      | Noticed a slave
  1491 | D:6      | Noticed a slave
  1492 | D:6      | Noticed a slave
  1529 | D:6      | Noticed a sky beast
  1581 | D:7      | Killed a sky beast
  1581 | D:7      | Reached XP level 7. HP: 28/69 MP: 9/9
  1653 | D:7      | Noticed a hippogriff
  1664 | D:7      | Killed a hippogriff
  1701 | D:7      | Found a staircase to the Ecumenical Temple.
  1747 | Temple   | Entered the Ecumenical Temple
  1761 | Temple   | Became a worshipper of Makhleb the Destroyer
  1850 | D:8      | Noticed Psyche
  1868 | D:7      | Found a shattered altar of Ashenzari.
  1868 | D:7      | Found an ancient bone altar of Kikubaaqudgha.
  1873 | D:7      | Found a glowing silver altar of Zin.
  1875 | D:7      | Found a faded altar of an unknown god.
  1876 | D:7      | Found a basalt altar of Yredelemnul.
  1914 | D:6      | Reached skill level 1 in Armour
  2120 | D:7      | Reached XP level 8. HP: 75/80 MP: 8/8
  2215 | D:7      | Vajrapani: !hs * DDCj
  2215 | D:7      | beem: 747. SaintRoka the Impregnable (L27 DDCj of Makhleb), escaped with the Orb and 15 runes on 2016-03-02 14:19:42, with 18775450 points after 81785 turns and 5:50:35.
  2535 | D:8      | Noticed Joseph
  2571 | D:8      | Killed Psyche
  2573 | D:8      | Reached skill level 5 in Dodging
  2609 | D:8      | Noticed a two-headed ogre
  2914 | D:3      | Reached skill level 1 in Axes
  2953 | D:3      | Reached * piety under Makhleb
  3827 | D:2      | Found a shadowy altar of Dithmenos.
  4073 | D:2      | Reached ** piety under Makhleb
  4079 | D:2      | Reached skill level 2 in Axes
  4118 | D:2      | wojtek: autoexplore means you're not aiming for top score?
  4334 | D:3      | Found a sacrificial altar of Ru.
  4335 | D:3      | Found a snail-covered altar of Cheibriados.
  4733 | D:4      | Reached skill level 5 in Armour
  4733 | D:4      | Gained mutation: You passively map the area around you. [Deep Dwarf growth]
  4733 | D:4      | Reached XP level 9. HP: 74/88 MP: 9/9
  4739 | D:4      | Reached skill level 3 in Axes
  4808 | D:4      | Killed Pikel
  4808 | D:4      | Reached skill level 5 in Axes
  5076 | D:5      | Reached skill level 6 in Axes
  5087 | D:5      | Noticed Ijyb
  5150 | D:5      | Killed Ijyb
  5218 | D:5      | Thaneod: killed Ijib as wisp:)
  5502 | D:6      | wojtek: good night :-)
  5532 | D:6      | Reached skill level 7 in Axes
  5587 | D:6      | Reached *** piety under Makhleb
  5615 | D:6      | Reached skill level 8 in Axes
  6054 | D:8      | Noticed Grum
  6067 | D:8      | Killed Grum
  6067 | D:8      | Reached XP level 10. HP: 96/96 MP: 10/10
  6070 | D:8      | Reached skill level 9 in Axes
  6145 | D:8      | Killed a two-headed ogre
  6160 | D:8      | Reached skill level 10 in Axes
  6167 | D:8      | Noticed Prince Ribbit
  6171 | D:8      | Noticed Prince Ribbit
  6171 | D:8      | Prince Ribbit changed into Prince Ribbit the black bear
  6173 | D:8      | Killed Prince Ribbit the black bear
  6255 | D:9      | Noticed a two-headed ogre
  6255 | D:9      | Noticed a two-headed ogre
  6284 | D:8      | Killed a two-headed ogre
  6284 | D:8      | Reached skill level 11 in Axes
  6288 | D:8      | Killed a two-headed ogre
  6550 | D:8      | Reached skill level 12 in Axes
  6661 | D:9      | Found a staircase to the Lair.
  6713 | D:9      | Reached XP level 11. HP: 103/103 MP: 11/11
  6761 | D:9      | Found Tyfuwyh's Weapon Shop.
  6763 | D:9      | Found a staircase to the Orcish Mines.
  6769 | D:9      | Reached **** piety under Makhleb
  6781 | D:9      | Reached skill level 13 in Axes
  7094 | D:10     | Entered Level 10 of the Dungeon
  7127 | D:11     | Killed an unseen horror
  7347 | D:11     | Noticed a brown ugly thing
  7348 | D:11     | Noticed Erolcha
  7349 | D:11     | Got a bloodstained hunting sling
  7354 | D:11     | Noticed a two-headed ogre
  7357 | D:11     | Killed Erolcha
  7357 | D:11     | Reached skill level 14 in Axes
  7360 | D:11     | Killed a two-headed ogre
  7745 | D:12     | Reached skill level 15 in Axes
  8001 | D:12     | Thaneod: !lg Thaneod
  8008 | D:12     | beem: 874. Thaneod the Firebug (L8 DEFE of Vehumet), blasted by Thaneod's ghost (flame tongue) on D:6 on 2018-01-26 00:42:14, with 1208 points after 5938 turns and 0:15:05.
  8147 | D:13     | Noticed Urug
  8171 | D:13     | Killed Urug
  8171 | D:13     | Reached skill level 16 in Axes
  8223 | D:13     | Reached XP level 12. HP: 45/110 MP: 12/12
  8708 | D:15     | Entered Level 15 of the Dungeon
  8757 | D:14     | Noticed a centaur warrior
  8767 | D:14     | Killed a centaur warrior
  8767 | D:14     | Reached skill level 17 in Axes
  8783 | D:14     | Noticed a six-headed hydra
  9153 | D:15     | Reached skill level 18 in Axes
  9176 | D:15     | Learned a level 2 spell: Blink
  9182 | D:15     | Noticed a centaur warrior
  9203 | D:15     | Killed a centaur warrior
  9205 | D:15     | Noticed an ogre mage
  9211 | D:15     | Reached ***** piety under Makhleb
  9221 | D:15     | Killed an ogre mage
  9222 | D:15     | Noticed a two-headed ogre
  9232 | D:15     | Killed a two-headed ogre
  9270 | D:15     | Noticed a vampire mage
  9325 | D:14     | Noticed a tengu warrior
  9331 | D:14     | Noticed a death knight
  9346 | D:14     | Killed a tengu warrior
  9351 | D:14     | Killed a death knight
  9351 | D:14     | Reached XP level 13. HP: 82/117 MP: 13/13
  9355 | D:14     | Reached skill level 19 in Axes
  9687 | D:14     | Found a gate to the Vaults.
  9794 | D:14     | Reached skill level 20 in Axes
 10208 | D:13     | Noticed Azrael
 10364 | Orc:1    | Entered Level 1 of the Orcish Mines
 10392 | Orc:1    | Noticed Josephine
 10453 | Orc:1    | Killed Josephine
 10490 | Orc:1    | Noticed an orc warlord
 10502 | Orc:1    | Found a frozen archway.
 10502 | Orc:1    | Found Evampo's Gadget Shoppe.
 10509 | IceCv    | Entered an ice cave
 10736 | IceCv    | Gained mutation: You resist negative energy. (rN+) [Deep Dwarf growth]
 10736 | IceCv    | Reached XP level 14. HP: 97/129 MP: 14/14
 10848 | IceCv    | Reached ****** piety under Makhleb
 10905 | IceCv    | Reached skill level 21 in Axes
 10938 | IceCv    | Reached skill level 5 in Invocations
 11011 | IceCv    | Noticed a frost giant
 11032 | IceCv    | Killed a frost giant
 11128 | Orc:1    | Paralysed by an orc sorcerer for 7 turns
 11135 | Orc:1    | HP: 8/193 [orc knight/great mace of holy wrath (7)]
 11141 | Orc:1    | HP: 5/193 [orc sorcerer/dagger (6)]
 11373 | Orc:1    | Paralysed by an orc sorcerer for 4 turns
 11492 | Orc:2    | Entered Level 2 of the Orcish Mines
 11492 | Orc:2    | Found a staircase to the Elven Halls.
 11554 | Orc:2    | Found Acour's Armour Emporium.
 11571 | Orc:2    | Bought the +1 cloak of Starlight {rElec rC+ EV+4 Stlth--} for 801 gold pieces
 11571 | Orc:2    | Found the +1 cloak of Starlight {rElec rC+ EV+4 Stlth--}
 11665 | Orc:1    | Noticed Fannar
 11783 | Orc:2    | Found a runed door.
 11977 | Orc:2    | Found a roughly hewn altar of Beogh.
 12245 | Orc:2    | Found Piumn's Weapon Shoppe.
 12245 | Orc:2    | Found Geasell's Magic Scroll Shoppe.
 12246 | Orc:2    | Found Naofim's General Store.
 12251 | Orc:2    | Found Gumnesik's Assorted Antiques.
 12275 | Orc:2    | Bought a runed executioner's axe for 390 gold pieces
 12293 | Orc:2    | Bought a scroll of teleportation for 48 gold pieces
 12293 | Orc:2    | Bought a scroll of magic mapping for 56 gold pieces
 12293 | Orc:2    | Bought a scroll of teleportation for 48 gold pieces
 12293 | Orc:2    | Bought a scroll of blinking for 120 gold pieces
 12293 | Orc:2    | Bought a scroll of identify for 32 gold pieces
 12293 | Orc:2    | Bought a scroll of identify for 32 gold pieces
 12293 | Orc:2    | Bought a scroll of identify for 32 gold pieces
 12295 | Orc:2    | Bought a potion of magic for 112 gold pieces
 12295 | Orc:2    | Bought a potion of brilliance for 56 gold pieces
 12295 | Orc:2    | Bought a potion of lignification for 42 gold pieces
 12295 | Orc:2    | Bought a potion of agility for 56 gold pieces
 12295 | Orc:2    | Bought a scroll of identify for 28 gold pieces
 12425 | Orc:1    | Killed Fannar
 12450 | Orc:1    | Killed an orc warlord
 12784 | D:10     | Got an ancient jade ring
 12785 | D:10     | Identified the ring of Pagresm {Str+2 Stlth-} (You found it on level 10 of the Dungeon)
 12790 | D:10     | Identified the cursed +0 hunting sling "Zostreoq" {velocity, +Blink rF+ SInv} (You found it on level 11 of the Dungeon)
 12959 | Lair:1   | Entered Level 1 of the Lair of Beasts
 13001 | Lair:1   | Found a dark tunnel.
 13018 | Volcano  | Entered a volcano
 13031 | Volcano  | Noticed a stone giant
 13045 | Volcano  | Killed a stone giant
 13045 | Volcano  | Reached skill level 10 in Fighting
 13440 | Lair:2   | Reached XP level 15. HP: 138/138 MP: 17/17
 13846 | Lair:3   | Reached skill level 22 in Axes
 13917 | Lair:3   | Found a staircase to the Shoals.
 13946 | Lair:3   | Identified the +2 robe "Ymitz" {-Cast +Inv rN+} (You found it on level 3 of the Lair of Beasts)
 14099 | Lair:4   | Learned a level 1 spell: Sandblast
 14105 | Lair:4   | Learned a level 5 spell: Lee's Rapid Deconstruction
 14108 | Lair:4   | Learned a level 2 spell: Passwall
 14487 | Lair:5   | Found a staircase to the Slime Pits.
 14683 | Lair:5   | Noticed Snorg
 14695 | Lair:5   | Killed Snorg
 14702 | Lair:5   | Identified the +5 chain mail "Fuzat" {rF+} (You found it on level 5 of the Lair of Beasts)
 14763 | Lair:6   | Entered Level 6 of the Lair of Beasts
 15013 | Lair:6   | Found a large runed door.
 15013 | Lair:6   | Found a large runed door.
 15193 | Lair:6   | Noticed Rupert
 15211 | Lair:6   | Killed Rupert
 15211 | Lair:6   | Reached skill level 23 in Axes
 15531 | Elf:1    | Entered Level 1 of the Elven Halls
 15849 | Elf:1    | Noticed a deep elf sorcerer
 15864 | Elf:1    | Splashed by a deep elf sorcerer's acid

Vault maps used:
D:1:      ncdulo_smallfort
D:2:      lemuel_upstairs_altar, eat_drink_and_be_merry_uskayaw,
          grunt_dithmenos_smoke_and_mirrors
D:3:      grunt_temple_overflow_open
D:4:      cheibrodos_barr_body, led_sif_book, uniq_sigmund, uniq_robin
D:5:      first_ration, uniq_ijyb
D:6:      old_forge, uniq_pikel
D:7:      chequers_temple_overflow_minitemple, minmay_temple_entry_grid
D:8:      uniq_prince_ribbit1, uniq_psyche, uniq_joseph, uniq_grum
D:9:      minmay_lair_entry_lava, orc_david_3, hangedman_pestilent_swarm
D:10:     minmay_the_grid_3x3
D:11:     kennysheep_generic_room_4, uniq_erolcha
D:12:     uniq_harold
D:13:     serial_curves, eino_curves_01, eino_curves_03, uniq_urug, uniq_azrael
D:14:     grunt_vaults_entry_tiered, corexii_corridor_pit
D:15:     gammafunk_depths_entry_grave, minmay_misc_feat_four_crosses
Temple:   cyrus_circular_temple
Lair:1:   enter_volcano_2, uniq_gastronok
Lair:2:   grunt_megastairs_2
Lair:3:   elwin_shoals_entry_stream
Lair:4:   spider_nest_entry_funnel_web, beast_lair_carwin_5
Lair:5:   slime_dummy, uniq_snorg
Lair:6:   cheibrodos_lair_end_hotspot, columned_hall_lemuel,
          minmay_lair_oklob_chamber, uniq_rupert
Orc:1:    serial_shops, nicolae_shop_statue_plus,
          portal_ice_cave_entry_pillars_1, uniq_fannar, uniq_josephine
Orc:2:    st_orc_elflike, serial_shops, nicolae_shop_crystal,
          lightli_church_of_beogh
Elf:1:    serial_shops, nicolae_shop_trees, hangedman_elf_disciples,
          hangedman_elven_pyramids, uniq_nikola
IceCv:    ice_cave_caverns_02
Volcano:  volcano_pools

Skill      XL: |  1  2  3  4  5  6  7  8  9 10 11 12 13 14 15 |
---------------+----------------------------------------------+-----
Spellcasting   | 2 |  2.0
Conjurations   | 4 |  4.0
Evocations     | 2 |  2.0
Fighting       | 3 5 6 7 8 9 10 | 10.0
Armour         | 2 5 6 7 |  7.0
Dodging        | 3 5 7 |  7.0
Axes           | 2 8 12 16 18 20 21 23 | 23.5
Invocations    | 4 8 |  8.4
Stealth        | |  2.4

Action                   |  1- 3 |  4- 6 |  7- 9 | 10-12 | 13-15 || total
-------------------------+-------+-------+-------+-------+-------++-------
Melee: Unarmed           |    26 |       |    13 |       |       ||    39
       Whip              |     8 |       |       |       |       ||     8
       Mace              |     7 |       |       |       |       ||     7
       Scythe            |       |   104 |   372 |       |       ||   476
       Kick              |       |    10 |     9 |       |       ||    19
       Hand axe          |       |       |   109 |   565 |   534 ||  1208
       Executioner's axe |       |       |       |       |   596 ||   596
       Battleaxe         |       |       |       |       |   208 ||   208
 Cast: Magic Dart        |    33 |     4 |     5 |       |       ||    42
Invok: Lesser Servant of |       |       |       |    15 |    20 ||    35
       Minor Destruction |       |       |       |     2 |       ||     2
 Abil: Evoke Berserk Rag |     1 |     8 |    18 |    23 |    19 ||    69
       Heal Wounds       |     1 |     4 |     5 |     7 |     5 ||    22
Evoke: Wand              |       |       |     6 |    11 |    13 ||    30
  Use: Potion            |     2 |     1 |       |     6 |     2 ||    11
       Scroll            |     1 |     6 |     6 |     5 |    22 ||    40
 Stab: Sleeping          |       |       |     3 |       |       ||     3
       Distracted        |       |       |       |     3 |     3 ||     6
       Paralysed         |       |       |       |    21 |     5 ||    26
  Eat: Chunk             |       |    11 |    25 |    24 |    38 ||    98
       Ration            |       |       |     3 |     2 |     1 ||     6
Armor: Robe              |     7 |       |       |       |       ||     7
       Ring mail         |       |    68 |   102 |       |       ||   170
       Scale mail        |       |       |   223 |     7 |       ||   230
       Skin              |       |       |     1 |       |       ||     1
       Chain mail        |       |       |       |   349 |   537 ||   886
       Plate armour      |       |       |       |       |   325 ||   325
Dodge: Dodged            |    43 |    80 |   413 |   187 |   704 ||  1427

Table legend:
 A = Spawn XP
 B = Non-spawn XP
 C = Spawn XP percentage of total XP
 D = Spawn monster count
 E = Non-spawn monster count
 F = Spawn count percentage of total count
 G = Total turns spent on level
                    A         B        C        D         E        F      G
               +---------+---------+-------+---------+---------+-------+---------
         Total |       0 |  145990 |   0.0 |       0 |     787 |   0.0 | 15864
               +---------+---------+-------+---------+---------+-------+---------
           D:1 |       0 |      40 |   0.0 |       0 |      20 |   0.0 |   831
           D:2 |       0 |      76 |   0.0 |       0 |      24 |   0.0 |   802
           D:3 |       0 |      78 |   0.0 |       0 |      22 |   0.0 |   534
           D:4 |       0 |    1295 |   0.0 |       0 |      37 |   0.0 |  1147
           D:5 |       0 |     526 |   0.0 |       0 |      18 |   0.0 |   465
           D:6 |       0 |    1459 |   0.0 |       0 |      41 |   0.0 |   914
           D:7 |       0 |    1125 |   0.0 |       0 |      14 |   0.0 |   914
           D:8 |       0 |    4949 |   0.0 |       0 |      24 |   0.0 |   819
           D:9 |       0 |    3565 |   0.0 |       0 |      37 |   0.0 |   809
          D:10 |       0 |    6784 |   0.0 |       0 |      53 |   0.0 |   398
          D:11 |       0 |    2675 |   0.0 |       0 |      16 |   0.0 |   425
          D:12 |       0 |    3594 |   0.0 |       0 |      24 |   0.0 |   555
          D:13 |       0 |    6579 |   0.0 |       0 |      32 |   0.0 |   657
          D:14 |       0 |   22048 |   0.0 |       0 |      67 |   0.0 |  1073
          D:15 |       0 |    9060 |   0.0 |       0 |      33 |   0.0 |   538
        Lair:1 |       0 |    2104 |   0.0 |       0 |      10 |   0.0 |   278
        Lair:2 |       0 |    6674 |   0.0 |       0 |      26 |   0.0 |   384
        Lair:3 |       0 |    4532 |   0.0 |       0 |      15 |   0.0 |   399
        Lair:4 |       0 |    3853 |   0.0 |       0 |      10 |   0.0 |   333
        Lair:5 |       0 |    4132 |   0.0 |       0 |      16 |   0.0 |   349
        Lair:6 |       0 |   15176 |   0.0 |       0 |      45 |   0.0 |   603
         Orc:1 |       0 |   11117 |   0.0 |       0 |      73 |   0.0 |   636
         Orc:2 |       0 |   10982 |   0.0 |       0 |      58 |   0.0 |   884
         Elf:1 |       0 |    9177 |   0.0 |       0 |      18 |   0.0 |   333
         IceCv |       0 |   11674 |   0.0 |       0 |      48 |   0.0 |   609
       Volcano |       0 |    2716 |   0.0 |       0 |       6 |   0.0 |   151
               +---------+---------+-------+---------+---------+-------+---------
